AoeStats
← taileibuxiang3

African Clearing

504089181Analyzed
4v4 RM · 28d ago on Sep 3, 2026· 57m 43s· 8 players
Game mode
Random Map
Map size
Large (8 player)
Population
200
Speed
Normal
Resources
Standard
Victory
Conquest
Starting age
Dark Age
Ending age
Imperial Age
RankedLock teamsTeams togetherTeam positionsShared explorationLock speedFull tech treeHidden civsTurbo modeCheats
Victory
Defeat
🇺🇸 Berbers · United States
1354
+15
🇨🇳 Poles · China
1329
+16
🇩🇪 Chinese · Germany
1304
+17
🇲🇽 Georgians · Mexico
1249
+19
🇬🇧 Berbers · United Kingdom
1399
-20
🇸🇪 Hindustanis · Sweden
1328
-17
🇸🇪 Japanese · Sweden
1312
-16
🇬🇧 Huns · United Kingdom
1267
-14
KingDiss
3:11 Loom
13:27 Feudal Age
15:09 Double-Bit Axe
17:36 Castle Age
15:44 Horse Collar
21:47 Stone Mining
23:46 Fletching
25:13 Bodkin Arrow
28:38 Padded Archer Armor
30:20 Ballistics
40:11 Imperial Age
40:18 Elite Chu Ko Nu
41:06 Bracer
43:51 Chemistry
43:09 Leather Archer Armor
43:12 Bow Saw
43:10 Heavy Plow
45:18 Ring Archer Armor
45:29 Gold Mining
49:42 Great Wall
49:57 Masonry
49:43 Murder Holes
50:05 Caravan
51:15 Two-Man Saw
51:12 Stone Shaft Mining
51:13 Gold Shaft Mining
51:34 Wheelbarrow
50:45 Town Watch
51:12 Scale Mail Armor
51:23 Forging
54:43 Coinage
56:03 Banking
57:37 Iron Casting
57:17 Chain Mail Armor
.|.
10:06 Loom
12:45 Feudal Age
16:46 Castle Age
14:59 Double-Bit Axe
15:31 Gold Mining
16:46 Town Watch
18:28 Wheelbarrow
18:16 Fletching
19:38 Bow Saw
20:44 Bodkin Arrow
29:58 Ballistics
30:31 Horse Collar
34:40 Stone Mining
35:39 Svan Towers
36:06 Treadmill Crane
38:11 Guard Tower
38:38 Heavy Plow
38:55 Hand Cart
39:23 Town Patrol
41:10 Stone Shaft Mining
45:34 Imperial Age
43:09 Squires
43:27 Pikeman
43:53 Gambesons
44:20 Forging
44:11 Scale Mail Armor
46:16 Iron Casting
46:26 Chain Mail Armor
46:40 Conscription
45:49 Halberdier
46:15 Arson
47:58 Chemistry
48:20 Blast Furnace
48:30 Murder Holes
52:04 Keep
51:15 Arrowslits
53:19 Crop Rotation
54:12 Plate Mail Armor
53:42 Bracer
taileibuxiang3
4:44 Loom
13:47 Feudal Age
18:11 Castle Age
16:26 Double-Bit Axe
16:23 Horse Collar
18:31 Wheelbarrow
20:51 Bow Saw
21:09 Heavy Plow
25:06 Szlachta Privileges
27:36 Scale Barding Armor
27:43 Forging
27:01 Light Cavalry
27:43 Husbandry
27:53 Bloodlines
28:02 Town Watch
29:26 Chain Barding Armor
30:45 Iron Casting
30:49 Gold Mining
40:30 Imperial Age
40:47 Cavalier
42:33 Blast Furnace
41:58 Conscription
41:15 Capped Ram
42:06 Winged Hussar
44:06 Crop Rotation
43:52 Hand Cart
43:38 Town Patrol
43:49 Heavy Cavalry Archer
45:14 Fletching
45:24 Padded Archer Armor
45:30 Siege Ram
47:00 Bodkin Arrow
47:20 Leather Archer Armor
50:25 Elite Skirmisher
51:10 Thumb Ring
51:10 Bracer
51:10 Scale Mail Armor
52:49 Chain Mail Armor
57:05 Ballistics
57:45 Chemistry
56:51 Siege Engineers
57:21 Plate Mail Armor
Jafarr
4:01 Loom
12:40 Feudal Age
13:14 Double-Bit Axe
15:02 Forging
19:31 Horse Collar
26:03 Castle Age
28:22 Fletching
28:35 Husbandry
33:39 Bow Saw
42:39 Scale Barding Armor
42:46 Bloodlines
42:36 Husbandry
45:55 Heavy Plow
47:58 Iron Casting
50:25 Chain Barding Armor
51:38 Gold Mining
56:41 Imperial Age
56:44 Heavy Camel Rider
58:01 Plate Barding Armor
tommybee
13:11 Feudal Age
18:40 Castle Age
19:43 Fletching
19:54 Padded Archer Armor
21:32 Bodkin Arrow
21:52 Leather Archer Armor
27:08 Wheelbarrow
27:35 Ballistics
27:52 Double-Bit Axe
29:50 Husbandry
30:01 Bloodlines
33:21 Thumb Ring
36:39 Hand Cart
41:30 Imperial Age
43:24 Chemistry
43:18 Parthian Tactics
44:24 Conscription
44:20 Heavy Cavalry Archer
45:24 Bow Saw
48:13 Bracer
57:28 Two-Man Saw
56:34 Loom
Joram
9:53 Loom
13:09 Feudal Age
13:41 Double-Bit Axe
20:37 Castle Age
19:31 Horse Collar
20:01 Gold Mining
21:13 Bloodlines
25:08 Husbandry
26:56 Scale Barding Armor
30:28 Bow Saw
32:31 Chain Barding Armor
37:37 Wheelbarrow
38:04 Forging
38:34 Gold Shaft Mining
37:50 Stone Mining
40:53 Imperial Age
39:33 Heavy Plow
40:34 Iron Casting
41:01 Hand Cart
41:20 Cavalier
43:09 Crop Rotation
43:39 Plate Barding Armor
48:22 Blast Furnace
49:37 Stone Shaft Mining
53:04 Conscription
56:54 Chemistry
55:18 Light Cavalry
Tarongil
6:10 Loom
11:11 Feudal Age
13:40 Double-Bit Axe
21:49 Castle Age
20:45 Bloodlines
26:57 Scale Barding Armor
28:16 Forging
28:44 Husbandry
31:54 Wheelbarrow
31:23 Horse Collar
34:04 Chain Barding Armor
33:55 Town Watch
34:43 Fletching
35:56 Heavy Plow
44:09 Scale Mail Armor
45:21 Chain Mail Armor
53:09 Stone Mining
53:11 Gold Mining
56:01 Hand Cart
56:34 Iron Casting
59:46 Imperial Age
Bacarah
5:47 Loom
12:18 Feudal Age
12:23 Feudal Age
16:33 Castle Age
14:49 Double-Bit Axe
18:22 Bow Saw
19:01 Horse Collar
24:52 Wheelbarrow
27:56 Hand Cart
32:51 Imperial Age
30:46 Yasama
31:22 Ballistics
31:39 Forging
32:20 Guard Tower
32:52 Fletching
33:39 Bodkin Arrow
35:13 Bracer
36:12 Padded Archer Armor
35:34 Pikeman
36:14 Squires
38:27 Iron Casting
41:29 Halberdier
45:22 Iron Casting
44:48 Scale Mail Armor
47:43 Chemistry
47:30 Keep
52:35 Heavy Plow
57:27 Chain Mail Armor
Connection lost

Rejoining the realm…

Still unreachable

The connection could not be restored.

Session expired

The server has moved on; the page needs a fresh start.